 Dungeon Crawl Stone Soup version 0.27-a0-1378-gdefffd1ff6 (webtiles) character file.

Game seed: 3942859578933926694

32 Brandom the Skirmisher (level 3, -1/36 HPs)
             Began as a Troll Delver on June 29, 2021.
             Was an Initiate of Ashenzari.
             Slain by an adder (2 damage)
             ... on level 2 of the Dungeon.
             The game lasted 00:03:04 (666 turns).

Brandom the Skirmisher (Troll Delver)                Turns: 666, Time: 00:03:05

Health: -1/36      AC:  4    Str: 20    XL:     3   Next: 10%
Magic:  2/2        EV: 10    Int:  6    God:    Ashenzari [......]
Gold:   22         SH:  0    Dex: 12    Spells: 2/2 levels left

rFire    . . .     SeeInvis .     - Unarmed
rCold    . . .     Faith    .   (no shield)
rNeg     . . .     Spirit   .   a - +0 robe
rPois    .         Reflect  .   (helmet restricted)
rElec    .         Harm     .   (no cloak)
rCorr    .         Rampage  .   (gloves unavailable)
Will     .....                  (boots unavailable)
Stlth    ++........             (no amulet)
HPRegen  1.12/turn              (no ring)
MPRegen  0.08/turn              (no ring)

@: lethally poisoned (-1 -> -1)
A: large, unfitting armour, claws 3, regeneration 1, shaggy fur 1, tough skin 1
a: Renounce Religion, Curse Item


You were on level 2 of the Dungeon.
You worshipped Ashenzari.
Ashenzari was noncommittal.
You visited 1 branch of the dungeon, and saw 5 of its levels.

You collected 22 gold pieces.

Inventory:

Armour
 a - a +0 robe (worn)
Wands
 v - a wand of digging (3)
Scrolls
 b - a scroll of fog
 c - 3 scrolls of magic mapping
 f - 2 scrolls of enchant armour
 g - a scroll of summoning
 h - 3 scrolls of teleportation {@r4}
Potions
 d - 2 potions of curing {@q1}
 e - a potion of haste {@q3}


   Skills:
 * Level 2.9 Fighting
 + Level 1.9 Dodging
 - Level 2.7 Stealth
 * Level 2.7 Unarmed Combat


You had 2 spell levels left.
You didn't know any spells.
Your spell library was empty.

Dungeon Overview and Level Annotations

Branches:
Dungeon (5/15)
 Temple: D:4-7

Altars:
Ashenzari

Annotations:
D:2 Jessica


Innate Abilities, Weirdness & Mutations

You are too large for most types of armour.
You have claws for hands.
Your natural rate of healing is unusually fast.
You are covered in fur. (AC +1)
You have tough skin. (AC +1)


Message History

* * * LOW HITPOINT WARNING * * *
The adder barely misses you. The adder barely misses you. x2
The adder misses you. The adder closely misses you. The adder bites you.
* * * LOW HITPOINT WARNING * * *
The adder bites you.
* * * LOW HITPOINT WARNING * * *
You are poisoned.
The adder poisons you!
You feel sick. The adder closely misses you.
You feel sick. The adder closely misses you.
You feel sick. The adder barely misses you.
You feel sick.
You are no longer poisoned.
The adder bites you.
* * * LOW HITPOINT WARNING * * *
The adder bites you.
* * * LOW HITPOINT WARNING * * *
The adder barely misses you.
An adder comes into view.
The adder bites you but does no damage. The adder bites you.
* * * LOW HITPOINT WARNING * * *
You are poisoned.
The adder poisons you!
You feel sick.
You feel sick. The adder barely misses you.
The adder hisses angrily.
You feel sick. The adder bites you.
* * * LOW HITPOINT WARNING * * *
The adder bites you but does no damage. The adder closely misses you.
You feel sick. The adder bites you but does no damage.
The adder barely misses you. The adder bites you.
* * * LOW HITPOINT WARNING * * *
You are more poisoned.
The adder poisons you!
You feel sick. The adder barely misses you. x2
Unknown command.
You feel sick. The adder bites you.
* * * LOW HITPOINT WARNING * * *
The adder bites you but does no damage. x2
You feel sick. The adder closely misses you.
The adder bites you but does no damage. The adder barely misses you.
Unknown command.
You feel sick.
The adder bites you but does no damage. x2
Unknown command.
You feel sick. The adder bites you.
You die...

##............
#..###### ... ##
#.......# #.# .. #
#...###.# #.# .# .
.....# #.# #.# .#
.... [. ##..## #.#
#.###.## #..P♣..
#...
##.###.##...###
#..♣P.. #.#.
#.........#...#
#.##....#
#.#.##..###.##S@S#
#.#.....#
#.#.##..# #.###.##
#.#....##
#.#.##... ... ..#
#.......#
#.#.##.####..####
#...†.... #.#.##.
#... #.......#
##.#.##. ##..#
###...#.# ...#.##.
..# #.<.#.# .....#
##.##.# ####.#
#.##.#


You could see 2 adders.

Vanquished Creatures
  3 dart slugs
  3 ball pythons
  A bat (D:2)
  2 endoplasms
  A giant cockroach (D:2)
  2 goblins
  A hobgoblin (D:2)
  A jackal (D:2)
  3 kobolds
  2 quokkas
  4 frilled lizards
  3 rats
26 creatures vanquished.

Notes
Turn   | Place    | Note
-------+----------+-------------------------------------------
     0 | D:5      | Brandom the Troll Delver began the quest for the Orb.
     0 | D:5      | Reached XP level 1. HP: 22/22 MP: 0/0
    17 | D:5      | Noticed an ice beast
    51 | D:5      | Noticed an iguana
   139 | D:4      | Noticed an orc priest
   139 | D:4      | Noticed an orc priest
   168 | D:3      | Noticed an iguana
   206 | D:2      | Noticed Jessica
   243 | D:1      | Reached XP level 2. HP: 29/29 MP: 1/1
   348 | D:1      | Found a faded altar of an unknown god.
   370 | D:1      | Became a worshipper of Ashenzari the Shackled
   495 | D:2      | Reached XP level 3. HP: 36/36 MP: 2/2
   663 | D:2      | HP: 1/36 [adder (3)]
   666 | D:2      | Slain by an adder

Illustrated notes

Levels and vault maps discovered:
D:1:      evilmike_arrival_plus, layout_basic,
          hellmonk_ecumenical_altar_crossroads, st_stairs_4, minmay_tromino_v4_c
D:2:      minmay_spotlight, layout_loops_ring, serial_shops,
          nicolae_lakefront_shop, shop, serial_park_tiny_1, uniq_jessica
D:3:      layout_loops_ring, nemelex_dance_club_becter,
          gammafunk_ghost_nasty_kobolds, serial_forest,
          infiniplex_forest_lined_3, infiniplex_forest_clump_medium,
          infiniplex_forest_lined_2, infiniplex_forest_end_3,
          infiniplex_forest_clump_C, infiniplex_forest_lined_2,
          infiniplex_forest_diagonal, minmay_fractal_squares_5
D:4:      cheibrodos_pilgrimage, layout_gridville, serial_park_tiny_pond
D:5:      layout_basic, minivault_5

Action                   || total
-------------------------++-------
Melee: Unarmed           ||    52
  Use: Scroll            ||     1
 Stab: Sleeping          ||     1
Armor: Robe              ||    55
Dodge: Dodged            ||    95

Table legend: (Time is in decaauts)
 A = Elapsed time spent in this place.
 B = Non-inter-level travel time spent in this place.
 C = Inter-level travel time spent in this place.
 D = Time resting spent in this place.
 E = Time spent auto-exploring this place.
 F = Levels seen in this place.
 G = Mean time per level.
                   A        B        C        D        E       F      G
               +--------+--------+--------+--------+--------+-----+--------+
         Total |    662 |    644 |     18 |      0 |    260 |   5 |  132.4 |
       Dungeon |    662 |    644 |     18 |      0 |    260 |   5 |  132.4 |
               +--------+--------+--------+--------+--------+-----+--------+

Top non-repeatable levels by time:
     D:2: 298 daAuts
     D:1: 165 daAuts
     D:4: 101 daAuts
     D:5: 66 daAuts
     D:3: 31 daAuts
